 Seeded DCSS version 0.28-a0-1510-gd0f6b136d3 (webtiles) character file.

Game seed: 20220115 (custom seed)

3 murtidash the Caller (level 1, 0/7 HPs)
             Began as a Felid Summoner on Jan 15, 2022.
             Slain by a jackal (3 damage)
             ... on level 1 of the Dungeon.
             The game lasted 00:01:03 (241 turns).

murtidash the Caller (Felid Summoner)                Turns: 241, Time: 00:01:03

Health: 0/7        AC:  1    Str:  4    XL:     1   Next: 41%
Magic:  2/4        EV: 17    Int: 16    God:
Gold:   17         SH:  0    Dex: 16    Spells: 3/4 levels left
                                        Lives:  0   Deaths: 0

rFire   . . .      SeeInvis +   (weapon unavailable)
rCold   . . .      Faith    .   (shield unavailable)
rNeg    . . .      Spirit   .   (armour unavailable)
rPois   .          Reflect  .   (helmet unavailable)
rElec   .          Harm     .   (cloak unavailable)
rCorr   .          Rampage  .   (gloves unavailable)
Will    .....                   (boots unavailable)
Stlth   ++........              (no amulet)
HPRegen 0.02/turn               (no ring)
MPRegen 0.09/turn               (no ring)

@: quick
A: very small, claws 1, fangs 3, see invisible, speed 1, shaggy fur 1, stealthy
paws, no weapons or thrown items, no armour, multi-lived
a: no special abilities


You were on level 1 of the Dungeon.
You visited 1 branch of the dungeon, and saw 1 of its levels.

You collected 17 gold pieces.

Inventory:

Scrolls
 a - a scroll of vulnerability {unknown}


   Skills:
 - Level 2.6 Dodging
 - Level 2.6 Stealth
 + Level 2.1 Spellcasting
 + Level 4.1 Summonings


You had 3 spell levels left.
You knew the following spells:

 Your Spells              Type           Power      Damage    Failure   Level
Z - Summon Small Mammal   Summ           56%        N/A       3%          1

Your spell library contained the following spells:

 Spells                   Type           Power      Damage    Failure   Level
 Call Imp                 Summ           14%        N/A       6%          2
 Call Canine Familiar     Summ           14%        N/A       12%         3
 Summon Guardian Golem    Hex/Summ       8%         N/A       26%         3
 Summon Lightning Spire   Summ/Air       8%         N/A       65%         4


Dungeon Overview and Level Annotations

Branches:
Dungeon (1/15)

Altars:


Innate Abilities, Weirdness & Mutations

You have sharp claws.
You have razor-sharp teeth.
You have supernaturally acute eyesight. (SInv)
You cover ground quickly. (Speed+)
You are covered in fur. (AC +1)
Your paws help you pounce on unaware monsters.
You are incapable of wielding weapons or throwing items.
You cannot wear armour.
You gain extra lives every three experience levels.


Message History

Your bat dies!
Your bat's corpse disappears in a puff of smoke!
The kobold shouts!
You now have 3/4 mp.
You scratch the kobold.
You hear a shout!
The kobold hits you but does no damage.
Your bat hits the kobold but does no damage.
You scratch the kobold.
You kill the kobold!
A goblin comes into view. It is wielding a +0 dagger.
Things that are here:
a +0 dagger; a kobold corpse You scratch the goblin.
The goblin barely misses you.
You scratch the goblin. The goblin barely misses you.
You scratch the goblin. The goblin hits you with a +0 dagger.
You take 2 damage, and have 5/7 hp.
MASSIVE DAMAGE!!
You closely miss the goblin. You bite the goblin.
You kill the goblin!
No target in view!
No target in view!
No target in view!
No target in view!
No target in view!
No target in view!
Your bat disappears in a puff of smoke!
You see here a +0 dagger.
You now have 17 gold pieces.
A jackal comes into view.
The jackal barks!
You hear a shout!
You hear a bark! x2
You hear an angry hiss.
A hobgoblin comes into view.
The jackal moves out of view.
Health restored: 7; MP restored: 4 A hobgoblin is nearby!
A jackal comes into view. x2
The jackal barely misses you.
You don't know that spell.
The jackal bites you.
A ball python comes into view.
You take 3 damage, and have 4/7 hp.
MASSIVE DAMAGE!!
You now have 3/4 mp.
You are too injured to fight recklessly!
The jackal closely misses you.
Your rat bites the jackal but does no damage.
The jackal misses you.
You now have 2/4 mp.
Your rat bites the jackal but does no damage.
Your bat misses the jackal.
Your bat barely misses the jackal. x2; Your rat bites the jackal.
The jackal bites your rat.
Your rat dies!
Your rat's corpse disappears in a puff of smoke!
Your bat hits the jackal but does no damage.
The jackal bites you but does no damage.
You scratch the jackal but do no damage.
Your bite misses the jackal. The jackal completely misses you.
You closely miss the jackal.
Your bat closely misses the jackal.
The jackal bites you.
* * * LOW HITPOINT WARNING * * *
You take 2 damage, and have 2/7 hp.
MASSIVE DAMAGE!!
Your bat hits the jackal. The jackal misses you.
Your bat closely misses the jackal.
The jackal bites your bat. The jackal completely misses you.
Your bat closely misses the jackal.
Your bat hits the ball python.
Your bat hits the jackal but does no damage.
Your bat barely misses the jackal.
The jackal completely misses you.
Your bat misses the jackal.
The ball python closely misses your bat.
The ball python misses your bat.
Your bat hits the jackal but does no damage.
Your bat hits the ball python.
The ball python barely misses your bat. x2; Your bat hits the jackal.
Your bat hits the jackal. Your bat misses the jackal.
The ball python closely misses your bat. x2
You now have 2/4 mp.
Your bat barely misses the jackal.
The jackal misses your quokka.
Your quokka closely misses the jackal.
Your quokka disappears in a puff of smoke!
Your bat hits the jackal. The jackal closely misses you.
Your bat hits the jackal.
You now have 1/4 mp.
Your bat barely misses the jackal.
The jackal misses your bat. The jackal bites your rat.
Your rat bites the jackal.
Something bites your bat.
Your bat closely misses the jackal.
Your rat bites the jackal.
The jackal bites your rat.
You see here a +0 dagger.
Things that are here:
a +0 dagger; a kobold corpse The jackal closely misses you.
You now have 1/4 mp.
Your quokka barely misses the jackal.
The jackal stops to sniff the ground.
The jackal misses your quokka.
Your quokka barely misses the jackal.
The jackal closely misses your quokka. The jackal closely misses your quokka.
The jackal bites you.
You die...

####8####8...>#≈ #......
+.......'.....#≈##########..#.##
##8#'#8##8...8#≈.........##.#.#
###'######'###≈.........##...#
#♣♣.....♣♣##.#≈#≈.........###..#
♣≈.......≈♣#.8♣♣≈...........#..#
#.........#8.#≈#≈...........##.#
#...≈♣≈...##.###≈............#.##
+...♣8♣...++..''@h.rh........#..#
#...≈♣≈...##.###≈............#hS#
#.........#8.# #≈####.#......##b#
♣≈.......≈♣#.8 ♣≈####.#......##h#
#♣♣.....♣♣##.# #≈.....######)##.#
#####'### #+# #≈.##### #)##..
8##8#'#8## #≈.# #..§r> .'.......+
#≈.# ###### 8####8####


You could see 2 jackals and a friendly quokka (summoned).

Vanquished Creatures
  A goblin (D:1)
  A kobold (D:1)
2 creatures vanquished.

Vanquished Creatures (collateral kills)
  An endoplasm (D:1)
1 creature vanquished.

Grand Total: 3 creatures vanquished

Notes
Turn   | Place    | Note
-------+----------+-------------------------------------------
     0 | D:1      | murtidash the Felid Summoner began the quest for the Orb.
     0 | D:1      | Reached XP level 1. HP: 7/7 MP: 4/4
   241 | D:1      | Slain by a jackal

Illustrated notes

Levels and vault maps discovered:
D:1:      saegor_arrival_fortress, layout_basic, shapermc_ecumenical_altar_petra

Action                   || total
-------------------------++-------
Melee: Unarmed           ||     9
       Bite              ||     1
 Cast: Summon Small Mamm ||     7
Armor: Skin              ||     2
Dodge: Dodged            ||    11

Table legend: (Time is in decaauts)
 A = Elapsed time spent in this place.
 B = Non-inter-level travel time spent in this place.
 C = Inter-level travel time spent in this place.
 D = Time resting spent in this place.
 E = Time spent auto-exploring this place.
 F = Levels seen in this place.
 G = Mean time per level.
                   A        B        C        D        E       F      G
               +--------+--------+--------+--------+--------+-----+--------+
         Total |    215 |    215 |      0 |      0 |    156 |   1 |  215.0 |
       Dungeon |    215 |    215 |      0 |      0 |    156 |   1 |  215.0 |
               +--------+--------+--------+--------+--------+-----+--------+

Top non-repeatable levels by time:
     D:1: 215 daAuts

Table legend:
 A = Kills in this place as a percentage of kills in entire the game.
 B = Kills by you in this place as a percentage of kills by you in the entire game.
 C = Kills by friends in this place as a percentage of kills by friends in the entire game.
 D = Other kills in this place as a percentage of other kills in the entire game.
 E = Experience gained in this place as a percentage of experience gained in the entire game.
 F = Experience gained in this place divided by the number of levels of this place that you have seen.
                   A       B       C       D       E      F
               +-------+-------+-------+-------+-------+----------------------
         Total | 100.0 | 100.0 | 100.0 |   N/A | 100.0 |   5.0
       Dungeon | 100.0 | 100.0 | 100.0 |   N/A | 100.0 |   5.0
               +-------+-------+-------+-------+-------+----------------------
